 Dungeon Sprint DCSS version bcrawl-1.21.3 (webtiles) character file.

Game seed: 12355855077229196513

21791 Darkdwarf the Fencer (level 12, -22/177 HPs)
             Began as a Djinni Fighter on Mar 25, 2020.
             Was the Champion of Makhleb.
             Annihilated by Saint Roka
             ... wielding a +1 dire flail of protection
              (26 damage)
             ... in the Dungeon (Sprint IX: "|||||||||||||||||||||||||||||").
             The game lasted 00:06:16 (2827 turns).

Darkdwarf the Fencer (Djinni Fighter)               Turns: 2827, Time: 00:06:17

Health: -22/177    AC: 12    Str: 23    XL:     12   Next: 57%
Magic:  23/23      EV: 23    Int: 13    God:    Makhleb [******]
Gold:   264        SH: 28    Dex: 17    Spells: 11/11 levels left

rFire    + . .     SeeInvis +   A - +2 long sword (elec)
rCold    + + +     Gourm    .   K - +1 large shield
rNeg     . . .     Faith    .   J - +4 skin of Zhor {+Rage rC+++ Slay+4}
rPois    .         Spirit   .   y - +0 helmet
rElec    +         Reflect  .   w - +1 cloak of Starlight {rElec rC+ EV+4 Stlth--}
rCorr    .         Harm     .   q - +0 pair of gloves
MR       +....     Rnd*Rage +   (boots unavailable) Stlth ..........NoTele +
                                (no amulet)
HPRegen  0.39/turn              s - +3 ring of dexterity
MPRegen  0.18/turn              E - ring of see invisible

@: mighty, berserking, flying, very slightly contaminated, invisible, very quick
A: never pass out, berserk 2, blink, blurry vision 2, fire resistance 1, high mp
2, wild magic 3, disrupted magic 1, MP-powered wands, floating
a: Blink, Minor Destruction, Lesser Servant of Makhleb, Major Destruction,
Greater Servant of Makhleb, Renounce Religion, Evoke Berserk Rage


You were in the Dungeon.
You worshipped Makhleb.
Makhleb was exalted by your worship.
You were hungry.

You visited 1 branch You collected 1915 gold pieces.
You spent 1651 gold pieces at shops.

Inventory:

Hand Weapons
 o - a +2 scimitar of holy wrath
 A - a +2 long sword of electrocution (weapon)
Armour
 c - a +0 medium shield
 p - a +0 cloak
 q - a +0 pair of gloves (worn)
 r - a +0 plate armour
 w - the +1 cloak of Starlight (worn) {rElec rC+ EV+4 Stlth--}
   (You bought it in a shop in the Dungeon)

   It affects your evasion (+4).
   It protects you from cold.
   It insulates you from electricity.
   It makes you much less stealthy.
 y - a +0 helmet (worn)
 I - a +2 plate armour
 J - the +4 skin of Zhor (worn) {+Rage rC+++ Slay+4}
   (You found it in the Dungeon)

   It affects your accuracy and damage with ranged weapons and melee attacks
   (+4).
   It renders you almost immune to cold.
   It lets you go berserk.
 K - a +1 large shield (worn)
Jewellery
 s - a +3 ring of dexterity (left hand)
 t - a +3 ring of intelligence
 B - an uncursed ring of stealth
 E - a ring of see invisible (right hand)
 F - an uncursed ring of fire
 G - an uncursed ring of protection from cold
 H - an uncursed ring of protection from cold
Wands
 n - a wand of acid (6)
Scrolls
 d - 3 scrolls of fear
 k - 3 scrolls of blinking
 l - 3 scrolls of remove curse
 m - 2 scrolls of amnesia
 u - 3 scrolls of enchant weapon
 v - 6 scrolls of fog
 C - a scroll of magic mapping {unknown}
 D - 2 scrolls of identify
Potions
 a - 2 potions of might
 b - a potion of brilliance
 f - 7 potions of curing
 g - 5 potions of heal wounds
 h - 2 potions of haste
 i - 4 potions of magic
 x - 2 potions of agility
 z - a potion of lignification
 L - a potion of mutation
Comestibles
 e - 13 rations {!d}


   Skills:
 + Level 14.3 Fighting
 + Level 19.5 Long Blades
 + Level 10.4 Armour
 * Level 12.3 Dodging
 + Level 14.3 Shields
 - Level 10.0 Evocations


You had 11 spell levels left.
You didn't know any spells.
Your spell library contained the following spells:

 Spells                   Type           Power        Failure   Level  Hunger
 Ensorcelled Hibernation  Hex/Ice        #.....       98%         2    ###....
 Borgnjor's Vile Clutch   Necr/Erth      #.........   100%        6    #######
 Darkness                 Hex            #.........   100%        6    #######
 Infestation              Hex/Tmut/Pois  #........    100%        6    #######
 Shadow Creatures         Summ           N/A          100%        6    #######
 Time Stop                Chrm/Tloc      N/A          100%        8    #######


Dungeon Overview and Level Annotations

Branches:
Dungeon (1/1)

Altars:
Cheibriados
Dithmenos
Elyvilon
Fedhas
Gozag
Hepliaklqana
Kikubaaqudgha
Lugonu
Makhleb
Nemelex Xobeh
Okawaru
Qazlal
Ru
Sif Muna
Trog
Uskayaw
Vehumet
Wu Jian
Xom
Yredelemnul
Zin
The Shining One
Beogh
Jiyva

Shops:
D [:*(

Annotations:
D Saint Roka


Innate Abilities, Weirdness & Mutations

You never pass out after going berserk.
You often lose your temper in combat.
You can translocate small distances at will.
Scrolls take you longer to read.
Your flesh is heat resistant. (rF+)
You have a considerably increased reservoir of magic. (+20% MP)
Your spells are much harder to cast, but much more powerful.
Your casting is slightly disrupted.
You expend magic power (3 MP) to strengthen your wands.
Your body floats in the air.


Message History

You slash Saint Roka!
Saint Roka is heavily wounded.
You catch the helpless Saint Roka completely off-guard!
You slash Saint Roka!
Saint Roka is severely wounded.
The orc warrior throws a tomahawk.
The tomahawk barely misses Saint Roka.
You block the tomahawk.
You strike the helpless Saint Roka from behind!
You slice Saint Roka!!
Saint Roka is almost dead.
Saint Roka barely misses you.
You barely miss Saint Roka.
Saint Roka is almost dead.
The orc warrior no longer looks unusually strong.
The orc warrior throws a tomahawk.
The tomahawk hits Saint Roka.
You catch the helpless Saint Roka completely off-guard!
You slash Saint Roka!
Saint Roka is almost dead.
Saint Roka hits you with a +1 dire flail of protection!!
You die...

♣♣♣♣♣♣♣♣♣♣▓▓▓▓▓▓▓▓▓▓▓▓▓▓
................@o)oo...
▓▓▓▓▓▓▓▓▓▓▓▓▓▓▓▓▓▓▓▓▓▓▓▓▓▓▓▓▓▓▓▓▓
....))[.))[÷'..........[[.[.[[..)
▓▓▓▓▓▓▓▓▓▓▓▓▓▓▓▓▓▓▓▓▓▓▓▓▓▓▓▓▓▓▓▓▓
.................................
▓▓▓▓▓▓▓▓▓▓▓▓▓▓▓▓▓▓▓▓▓▓▓▓▓▓▓▓▓▓▓▓▓
.)∩)∩.∩.∩)).))'.....)[)))[.).....
▓▓▓▓▓▓▓▓▓▓▓▓▓▓▓▓▓▓▓▓▓▓▓▓▓▓▓▓▓▓▓▓▓
..................)..............


You could see Saint Roka, an orc warrior and an orc.

Vanquished Creatures
  An ettin (D)
  Josephine (D)
  A fire dragon (D)
  An ogre mage (D)
  An ice dragon (D)
  Psyche (D)
  2 centaur warriors (D)
  A death knight (D)
  A two-headed ogre (D)
  7 orc high priests (D)
  A deep troll earth mage (D)
  A death yak (D)
  2 orc knights (D)
  An ugly thing (D)
  2 orc sorcerers (D)
  A black mamba (D)
  A gargoyle (D)
  2 yaktaurs (D)
  A rime drake (D)
  A komodo dragon (D)
  A troll (D)
  A blink frog (D)
  3 hippogriffs (D)
  A shadow (D)
  A wyvern (D)
  A yak (D)
  5 wraiths (D)
  A hungry ghost (D)
  A crocodile (D)
  5 wargs (D)
  A hell hound (D)
  An acid dragon (D)
  2 water moccasins (D)
  4 porcupines (D)
  8 orc warriors (D)
  2 sky beasts (D)
  A phantom (D)
  An ogre (D)
  4 wolves (D)
  2 bullfrogs (D)
  A crimson imp (D)
  2 orc wizards (D)
  12 orc priests (D)
  An iguana (D)
  2 worker ants (D)
  A leopard gecko (D)
  9 orcs (D)
  A bat (D)
  A bat skeleton (D)
  A hobgoblin (D)
  A kobold (D)
  2 quokka skeletons (D)
  A rat (D)
111 creatures vanquished.

Vanquished Creatures (others)
  An orc warrior (D)
1 creature vanquished.

Grand Total: 112 creatures vanquished

Notes
Turn   | Place    | Note
-------+----------+-------------------------------------------
     0 | D        | Darkdwarf the Djinni Fighter began the quest for the Orb.
     0 | D        | Reached XP level 1. HP: 19/19 MP: 1/1
    61 | D        | Noticed a worker ant
    61 | D        | Noticed a sky beast
    66 | D        | Reached XP level 2. HP: 27/27 MP: 2/2
    68 | D        | Reached skill level 3 in Long Blades
    74 | D        | Killed a sky beast
    74 | D        | Reached skill level 5 in Fighting
    74 | D        | Reached skill level 6 in Long Blades
    74 | D        | Reached skill level 1 in Dodging
    74 | D        | Reached XP level 3. HP: 36/36 MP: 3/3
    74 | D        | Gained mutation: Your spells are harder to cast, but more
                  | powerful. [Djinni growth]
    74 | D        | Gained mutation: You can translocate small distances at
                  | will. [Djinni growth]
    74 | D        | Reached XP level 4. HP: 42/42 MP: 4/4
    90 | D        | Found a roughly hewn altar of Beogh.
    90 | D        | Found a snail-covered altar of Cheibriados.
    90 | D        | Found a shadowy altar of Dithmenos.
    90 | D        | Found a white marble altar of Elyvilon.
    90 | D        | Found a blossoming altar of Fedhas.
    90 | D        | Found an opulent altar of Gozag.
    91 | D        | Found a hazy altar of Hepliaklqana.
    92 | D        | Found a viscous altar of Jiyva.
    93 | D        | Found an ancient bone altar of Kikubaaqudgha.
    94 | D        | Found a corrupted altar of Lugonu.
    95 | D        | Found a burning altar of Makhleb.
    96 | D        | Found a sparkling altar of Nemelex Xobeh.
    97 | D        | Found an iron altar of Okawaru.
    98 | D        | Found a stormy altar of Qazlal.
    99 | D        | Found a sacrificial altar of Ru.
   100 | D        | Found a shimmering blue altar of Sif Muna.
   101 | D        | Found a bloodstained altar of Trog.
   102 | D        | Found a hide-covered altar of Uskayaw.
   103 | D        | Became a worshipper of Makhleb the Destroyer
   104 | D        | Found a radiant altar of Vehumet.
   105 | D        | Found an ornate altar of the Wu Jian Council.
   106 | D        | Found a shimmering altar of Xom.
   107 | D        | Found a basalt altar of Yredelemnul.
   108 | D        | Found a glowing silver altar of Zin.
   109 | D        | Found a glowing golden altar of the Shining One.
   162 | D        | Noticed a troll
   162 | D        | Noticed a sky beast
   162 | D        | Noticed a shadow
   162 | D        | Noticed an ogre
   167 | D        | Killed an ogre
   167 | D        | Reached skill level 8 in Long Blades
   167 | D        | Reached skill level 5 in Shields
   167 | D        | Reached XP level 5. HP: 51/51 MP: 4/7
   173 | D        | Killed a shadow
   173 | D        | Reached * piety under Makhleb
   173 | D        | Reached skill level 9 in Long Blades
   173 | D        | Reached skill level 5 in Armour
   173 | D        | Reached XP level 6. HP: 55/60 MP: 4/9
   180 | D        | Killed a sky beast
   180 | D        | Reached skill level 10 in Long Blades
   180 | D        | Reached skill level 5 in Evocations
   184 | D        | Killed a troll
   184 | D        | Reached skill level 11 in Long Blades
   184 | D        | Reached XP level 7. HP: 20/67 MP: 5/11
   185 | D        | Reached ** piety under Makhleb
   410 | D        | Noticed a hungry ghost
   410 | D        | Noticed a death knight
   410 | D        | Noticed a hippogriff
   413 | D        | Killed a hippogriff
   413 | D        | Reached skill level 12 in Long Blades
   419 | D        | Killed a death knight
   419 | D        | Reached skill level 13 in Long Blades
   419 | D        | Gained mutation: Your spells are much harder to cast, but
                  | much more powerful. [Djinni growth]
   419 | D        | Reached XP level 8. HP: 77/77 MP: 5/13
   420 | D        | Reached *** piety under Makhleb
   420 | D        | Reached skill level 14 in Long Blades
   535 | D        | Noticed Psyche
   555 | D        | Killed Psyche
   555 | D        | Reached skill level 15 in Long Blades
   555 | D        | Reached XP level 9. HP: 47/83 MP: 15/15
   945 | D        | Noticed a black mamba
   950 | D        | Killed a black mamba
   950 | D        | Reached **** piety under Makhleb
   958 | D        | Reached skill level 16 in Long Blades
   959 | D        | Noticed a komodo dragon
   968 | D        | Reached ***** piety under Makhleb
   985 | D        | Killed a komodo dragon
   990 | D        | Reached skill level 10 in Evocations
   990 | D        | Reached XP level 10. HP: 71/92 MP: 17/17
  1086 | D        | Reached skill level 5 in Dodging
  1088 | D        | Noticed a death yak
  1096 | D        | Reached skill level 10 in Fighting
  1117 | D        | Killed a death yak
  1117 | D        | Reached skill level 17 in Long Blades
  1143 | D        | Reached ****** piety under Makhleb
  1286 | D        | Reached skill level 10 in Shields
  1397 | D        | Noticed Josephine
  1424 | D        | Killed Josephine
  1430 | D        | Reached XP level 11. HP: 93/102 MP: 18/18
  1811 | D        | Noticed an orc knight
  1811 | D        | Noticed an orc knight
  1811 | D        | Noticed an orc high priest
  1817 | D        | Killed an orc high priest
  1820 | D        | Killed an orc knight
  1822 | D        | Noticed an orc sorcerer
  1829 | D        | Noticed a sixfirhy
  1833 | D        | Killed an orc knight
  1833 | D        | Reached skill level 18 in Long Blades
  1849 | D        | Killed an orc sorcerer
  2028 | D        | Found Wiurer's Weapon Boutique.
  2028 | D        | Noticed an orc high priest
  2030 | D        | Noticed an orc high priest
  2038 | D        | Killed an orc high priest
  2038 | D        | Noticed an orc high priest
  2045 | D        | Found Lyptop's Assorted Antiques.
  2049 | D        | Noticed a soul eater
  2054 | D        | Found Rituank's Book Boutique.
  2067 | D        | Killed an orc high priest
  2071 | D        | Killed an orc high priest
  2072 | D        | Found Cierchymu's Antique Armour Shop.
  2076 | D        | Noticed an orc high priest
  2078 | D        | Noticed an orc high priest
  2079 | D        | Noticed an orc high priest
  2080 | D        | Noticed a soul eater
  2087 | D        | Killed an orc high priest
  2087 | D        | Reached skill level 10 in Dodging
  2099 | D        | Killed an orc high priest
  2105 | D        | Killed an orc high priest
  2287 | D        | Bought the +1 cloak of Starlight {rElec rC+ EV+4 Stlth--}
                  | for 1112 gold pieces
  2287 | D        | Found the +1 cloak of Starlight {rElec rC+ EV+4 Stlth--}
  2291 | D        | Bought a garnet ring for 110 gold pieces
  2291 | D        | Bought a scroll labeled NUORYDWOEQ for 22 gold pieces
  2291 | D        | Bought a scroll labeled NAIME CEL GIBE for 22 gold pieces
  2291 | D        | Bought a scroll of enchant weapon for 165 gold pieces
  2291 | D        | Bought a glass ring for 110 gold pieces
  2291 | D        | Bought a scroll labeled NAIME CEL GIBE for 22 gold pieces
  2291 | D        | Bought a potion of might for 88 gold pieces
  2422 | D        | Found the +4 skin of Zhor {+Rage rC+++ Slay+4}
  2474 | D        | Noticed a centaur warrior
  2474 | D        | Noticed a centaur warrior
  2474 | D        | Noticed a purple ugly thing
  2478 | D        | Noticed a two-headed ogre
  2488 | D        | Killed a purple ugly thing
  2489 | D        | Noticed an ice dragon
  2502 | D        | Noticed an ogre mage
  2512 | D        | Killed a centaur warrior
  2512 | D        | Reached skill level 10 in Armour
  2512 | D        | Gained mutation: Your casting is slightly disrupted.
                  | [Djinni growth]
  2512 | D        | Gained mutation: Your flesh is heat resistant. (rF+)
                  | [Djinni growth]
  2512 | D        | Gained mutation: You have an increased reservoir of magic.
                  | (+10% MP) [Djinni growth]
  2512 | D        | Gained mutation: You have a considerably increased
                  | reservoir of magic. (+20% MP) [Djinni growth]
  2512 | D        | Reached XP level 12. HP: 115/115 MP: 18/23
  2518 | D        | Killed a centaur warrior
  2523 | D        | Killed a two-headed ogre
  2523 | D        | Reached skill level 19 in Long Blades
  2530 | D        | Killed an ice dragon
  2540 | D        | Killed an ogre mage
  2540 | D        | Noticed a fire dragon
  2543 | D        | Noticed a deep troll earth mage
  2544 | D        | Noticed an ettin
  2555 | D        | Killed a fire dragon
  2563 | D        | Killed a deep troll earth mage
  2569 | D        | Killed an ettin
  2778 | D        | Noticed Saint Roka
  2819 | D        | HP: 3/177 [Saint Roka/divine providence (8)]
  2827 | D        | Annihilated by Saint Roka

Skill      XL: |  1  2  3  4  5  6  7  8  9 10 11 12 |
---------------+-------------------------------------+-----
Shields        | 3 4 5 6 7 8 10 13 14 | 14.3
Armour         | 3 4 5 6 7 8 10 | 10.4
Long Blades    | 6 8 9 11 13 15 16 17 18 19 | 19.5
Fighting       | 5 6 7 8 9 11 13 14 | 14.3
Dodging        | 1 2 3 4 8 10 12 | 12.3
Evocations     | 2 4 5 7 9 10 | 10.0

Action                   |  1- 3 |  4- 6 |  7- 9 | 10-12 || total
-------------------------+-------+-------+-------+-------++-------
Melee: Long sword        |    26 |     7 |       |   194 ||   227
       Scimitar          |       |    21 |    79 |   212 ||   312
 Abil: Evoke Berserk Rag |       |       |       |     1 ||     1
Evoke: Wand              |       |       |     2 |     2 ||     4
  Use: Potion            |     1 |     1 |       |     4 ||     6
       Scroll            |       |       |       |     1 ||     1
 Stab: Invisible         |       |       |       |     6 ||     6
  Eat: Chunk             |       |       |       |     7 ||     7
Armor: Scale mail        |     2 |       |       |       ||     2
       Plate armour      |       |     5 |    24 |    42 ||    71
       Animal skin       |       |       |       |    11 ||    11
Dodge: Dodged            |    10 |     4 |    10 |    57 ||    81
Block: Medium shield     |    12 |    13 |    41 |   135 ||   201
       Large shield      |       |       |       |   100 ||   100
